 Dungeon Crawl Stone Soup version 0.28.0-43-g3370ac3207 (webtiles) character file.

Game seed: 15716513773996709022

14119 crimpus the Basher (level 11, -9/186 (195) HPs)
             Began as a Demonspawn Berserker on Mar 15, 2022.
             Was a Priest of Trog.
             Mangled by a large abomination (16 damage)
             ... on level 3 of the Abyss.
             The game lasted 00:25:03 (15554 turns).

crimpus the Basher (Demonspawn Berserker)          Turns: 15554, Time: 00:25:03

HP:   -9/186 (195)  AC: 25    Str: 35    XL:     11   Next: 84%
MP:   11/11         EV:  2    Int:  9    God:    Trog [***...]
Gold: 1879          SH: 10    Dex: 19    Spells: 10/10 levels left

rFire   . . .      SeeInvis .   u - +8 war axe "Famowk" {drain, Fragile Dex+6}
rCold   . . .      Faith    .   m - +0 kite shield
rNeg    . . .      Spirit   .   (armour currently unavailable)
rPois   +          Reflect  .   (helmet currently unavailable)
rElec   .          Harm     .   (cloak currently unavailable)
rCorr   .          Rampage  .   (gloves currently unavailable)
Will    ++...      NoTele   +   (boots currently unavailable)
Stlth   ..........              (no amulet)
HPRegen 1.00/turn               q - +6 ring of strength
MPRegen 0.12/turn               k - +6 ring of strength

@: berserking, tree-form, strong-willed, sick, regenerating, lightly drained,
very quick
A: stationary, stasis, torment immunity, boosted hp, (hooves 1), (horns 1),
demonic guardian 3, (weakness stinger 1), (electricity resistance), strong 1
a: Renounce Religion, Berserk, Trog's Hand


You were on level 3 of the Abyss.
You worshipped Trog.
Trog was most pleased with you.
You were a tree.
You visited 2 branches of the dungeon, and saw 11 of its levels.
You visited the Abyss 1 time.

You collected 1879 gold pieces.

Inventory:

Hand Weapons
 i - a +2 mace of protection
 t - a +2 whip of venom
 u - the +8 war axe "Famowk" (weapon) {drain, Fragile Dex+6}
   (You found it on level 9 of the Dungeon)

   A truly terrible weapon, it drains the life of any living foe it strikes.
   Dex:       It affects your dexterity (+6).
   Fragile:   It will be destroyed if unequipped.
Missiles
 l - 4 throwing nets (quivered)
Armour
 f - a +3 plate armour of poison resistance (melded)
 m - a +0 kite shield (worn)
Jewellery
 k - a +6 ring of strength (right branch)
 q - a +6 ring of strength (left branch)
Wands
 n - a wand of flame (36)
Scrolls
 d - 3 scrolls of immolation
 j - a scroll of fog
 o - a scroll of identify
 v - a scroll of vulnerability
Potions
 b - 2 potions of flight
 r - a potion of brilliance


   Skills:
 + Level 8.8 Fighting
 + Level 3.8(8.4) Axes
 - Level 11.5(11.8) Maces & Flails
 + Level 9.9 Armour
 - Level 2.1 Dodging
 * Level 4.6 Shields


You had 10 spell levels left.
You didn't know any spells.
Your spell library was empty.

Dungeon Overview and Level Annotations

Branches:
Dungeon (9/15)             Temple (0/1) D:7             Orc (2/2) D:9
    Elf (0/3) Orc:2
   Lair: D:8-11

Altars:
Cheibriados
Dithmenos
Elyvilon
Fedhas
Gozag
Hepliaklqana
Kikubaaqudgha
Makhleb
Okawaru
Qazlal
Ru
Sif Muna
Trog
Uskayaw
Vehumet
Zin
The Shining One

Shops:
D:2 (   D:3 [   Orc:1 (   Orc:2 *

Annotations:
D:5 2 runed translucent doors, Icepheonix32's ghost, novice DsFi
Orc:2 Erolcha


Innate Abilities, Weirdness & Mutations

You are a tree.
Your roots penetrate the ground, keeping you stationary.
You cannot be teleported.
You are immune to unholy pain and torment.
Your maximum health is greatly increased.
Your equipment is partially melded.
((You have large cloven feet.))
((You have a pair of small horns on your head.))
A powerful demonic guardian rushes to your aid.
((You have a small tail.))
((You are resistant to electric shocks. (rElec)))
Your muscles are strong. (Str +2)


Message History

The eye of devastation gazes at you. The bolt of energy hits you!!!
* * * LOW HITPOINT WARNING * * *
A demonic guardian appears!
You are too injured to fight recklessly!
You are too injured to fight recklessly!
Your skin stops crawling.
You feel less strong-willed.
Your sun demon hits the eye of devastation!
The eye of devastation is engulfed in flames!
The eye of devastation gazes at you.
The bolt of energy hits your sun demon!!
The bolt of energy hits you!
* * * LOW HITPOINT WARNING * * *
Your sun demon hits the eye of devastation!!
The eye of devastation is engulfed in flames!
The eye of devastation dies!
Your skin crawls.
You feel strong-willed.
You swap places.
The large abomination misses your sun demon.
Your sun demon disappears in a puff of smoke!
Okay, then.
You turn into a tree.
Your +3 plate armour of poison resistance melds into your body.
You no longer feel resistant to poison.
Your roots penetrate the ground.
You slice the large abomination!!
The large abomination is heavily damaged.
You block the large abomination's attack.
A red film seems to cover your vision as you go berserk!
You feel yourself moving faster!
You feel mighty! The large abomination hits you!!
* * * LOW HITPOINT WARNING * * *
A demonic guardian appears!
You slash the large abomination!
The large abomination is almost destroyed.
Your sun demon hits the large abomination but does no damage.
You barely miss the large abomination.
The large abomination is almost destroyed.
The large abomination hits you!
You die...

#. ... ....... #....
......#.#
#.#..........#. #
....#........# ##..
.......## #..
......#..#
....##..#3..##
........##X..#
.....###.♣###.......
.. . #..# #...... .
#### ##..... ##..#.#
## ..#. ##


You could see a large abomination (ally target) and a friendly sun demon
(summoned).

Vanquished Creatures
  An ettin (Orc:1)
  2 two-headed ogres
  Pikel (D:4)
  An orc knight (Orc:1)
  4 orc sorcerers (Orc:2)
  A manticore (D:7)
  A cyclops (Orc:1)
  Joseph (D:7)
  Maggie (D:7)
  Psyche (D:8)
  A troll (Orc:2)
  Grinder (D:6)
  A hornet (D:9)
  A wyvern (D:6)
  4 yaks
  A steam dragon (D:9)
  Menkaure (D:6)
  A warg (Orc:1)
  2 water moccasins
  9 orc warriors
  2 black bears
  2 ice beasts
  A necrophage (D:7)
  10 ogres
  5 centaurs
  A phantom (D:6)
  3 kobold brigands
  2 scorpions (D:5)
  A bullfrog (D:7)
  A gnoll sergeant (D:8)
  A water moccasin zombie (D:5)
  4 howler monkeys
  A vampire bat (D:3)
  2 centaur zombies
  A bullfrog zombie (D:5)
  5 hounds
  2 jellies
  A gnoll shaman (D:8)
  5 orc priests
  A centaur skeleton (D:7)
  Terence (D:3)
  4 iguanas
  22 orc wizards
  A killer bee zombie (D:8)
  A hound skeleton (D:5)
  3 howler monkey zombies
  A howler monkey skeleton (D:6)
  4 adders
  11 gnolls
  A shadow imp (D:7)
  2 white imps (D:6)
  2 ufetubi (D:5)
  An adder skeleton (D:4)
  4 worms
  3 dart slugs
  3 fire bats (D:3)
  54 orcs
  2 spectral bats (D:3)
  8 ball pythons
  3 bat skeletons (D:3)
  A bat zombie (D:3)
  7 endoplasms
  4 giant cockroaches
  6 goblins
  6 hobgoblins
  A jackal (D:5)
  13 kobolds
  2 quokkas
  3 training dummies (Orc:1)
  12 bats
  A bat simulacrum (D:3)
  4 frilled lizards
  4 rats
282 creatures vanquished.

Vanquished Creatures (collateral kills)
  Urug (Orc:2)
  An eye of devastation (Abyss:3)
  A troll (Orc:1)
  A wraith (D:9)
  A warg (Orc:2)
  3 orc warriors (Orc:1)
  An ogre (Orc:1)
  A centaur (D:9)
  2 orc priests
  An orc wizard (Orc:1)
  A gnoll (Orc:1)
  An adder (D:2)
  7 orcs
  A goblin (D:3)
  A kobold (D:1)
24 creatures vanquished.

Vanquished Creatures (others)
  A jelly (Abyss:1)
  An orc (Orc:2)
  3 starspawn tentacles (Abyss:1)
5 creatures vanquished.

Grand Total: 311 creatures vanquished

Notes
Turn   | Place    | Note
-------+----------+-------------------------------------------
     0 | D:1      | crimpus the Demonspawn Berserker began the quest for the
                  | Orb.
     0 | D:1      | Reached XP level 1. HP: 18/18 MP: 1/1
   278 | D:1      | You fall into a shaft and drop 1 floor!
   455 | D:2      | Reached skill level 3 in Maces & Flails
   539 | D:2      | Gained mutation: A weak demonic guardian rushes to your
                  | aid. [demonic ancestry]
   539 | D:2      | Reached XP level 2. HP: 21/24 MP: 2/2
   863 | D:2      | Found Utamuh's Weapon Emporium.
  1370 | D:2      | Discovered your monstrous ancestry.
  1370 | D:2      | Gained mutation: You have a pair of small horns on your
                  | head. [demonic ancestry]
  1370 | D:2      | Reached XP level 3. HP: 25/29 MP: 3/3
  1636 | D:1      | Reached ** piety under Trog
  2384 | D:3      | Found Hotsur's Armour Shop.
  2641 | D:3      | Noticed Terence
  2648 | D:3      | Killed Terence
  2649 | D:3      | Reached XP level 4. HP: 35/35 MP: 4/4
  2746 | D:3      | Reached skill level 4 in Maces & Flails
  2746 | D:3      | Gained mutation: You have a small tail. [demonic ancestry]
  2746 | D:3      | Reached XP level 5. HP: 18/42 MP: 5/5
  3394 | D:3      | Found a faded altar of an unknown god.
  3749 | D:3      | Gained mutation: A demonic guardian rushes to your aid.
                  | [demonic ancestry]
  3749 | D:3      | Reached XP level 6. HP: 48/48 MP: 6/6
  4059 | D:3      | Reached skill level 5 in Maces & Flails
  4214 | D:4      | Found an ancient bone altar of Kikubaaqudgha.
  4280 | D:4      | Noticed Pikel
  4296 | D:4      | Killed Pikel
  4297 | D:4      | Reached skill level 6 in Maces & Flails
  4297 | D:4      | Reached XP level 7. HP: 54/55 MP: 7/7
  4435 | D:4      | Noticed a two-headed ogre
  4455 | D:4      | Killed a two-headed ogre
  4456 | D:4      | Reached skill level 5 in Fighting
  4456 | D:4      | Reached skill level 7 in Maces & Flails
  4456 | D:4      | Reached XP level 8. HP: 62/62 MP: 8/8
  4575 | D:4      | Reached skill level 8 in Maces & Flails
  5056 | D:5      | Entered Level 5 of the Dungeon
  5123 | D:5      | Found a runed translucent door.
  5135 | D:5      | Reached skill level 5 in Armour
  5449 | D:5      | Noticed Icepheonix32's ghost (novice DsFi)
  5910 | D:5      | Reached *** piety under Trog
  5932 | D:5      | Noticed a two-headed ogre
  5949 | D:5      | Killed a two-headed ogre
  5950 | D:5      | Reached skill level 9 in Maces & Flails
  5950 | D:5      | Gained mutation: You have large cloven feet. [demonic
                  | ancestry]
  5950 | D:5      | Reached XP level 9. HP: 69/69 MP: 9/9
  6491 | D:5      | Found a runed translucent door.
  6836 | D:6      | Noticed Menkaure
  6841 | D:6      | Killed Menkaure
  6914 | D:6      | Identified a scroll of acquirement
  6914 | D:6      | Acquired 828 gold pieces
  7336 | D:6      | Found a hazy altar of Hepliaklqana.
  7428 | D:6      | Found a hide-covered altar of Uskayaw.
  7434 | D:6      | Found a shimmering blue altar of Sif Muna.
  7435 | D:6      | Found a snail-covered altar of Cheibriados.
  7449 | D:6      | Found a stormy altar of Qazlal.
  7562 | D:6      | Found a bloodstained altar of Trog.
  7563 | D:6      | Found an opulent altar of Gozag.
  7713 | D:6      | Found a shadowy altar of Dithmenos.
  7733 | D:6      | Noticed Grinder
  7739 | D:6      | Killed Grinder
  7962 | D:6      | Found a sacrificial altar of Ru.
  8109 | D:6      | Reached skill level 10 in Maces & Flails
  8109 | D:6      | Reached XP level 10. HP: 77/77 MP: 10/10
  8152 | D:6      | Found a burning altar of Makhleb.
  8415 | D:7      | Noticed a manticore
  8423 | D:7      | Killed a manticore
  8911 | D:7      | Gained mutation: Your muscles are strong. (Str +2) [potion
                  | of mutation]
  8911 | D:7      | Gained mutation: You are resistant to electric shocks.
                  | (rElec) [potion of mutation]
  9068 | D:7      | Found a staircase to the Ecumenical Temple.
  9210 | D:7      | Noticed Maggie
  9231 | D:7      | Killed Maggie
  9539 | D:7      | Noticed Joseph
  9552 | D:7      | Killed Joseph
 10539 | D:8      | Reached **** piety under Trog
 10552 | D:8      | Found an iron altar of Okawaru.
 10591 | D:8      | Noticed Psyche
 10602 | D:8      | Killed Psyche
 10755 | D:8      | Reached skill level 11 in Maces & Flails
 11109 | D:9      | Found a blossoming altar of Fedhas.
 11138 | D:9      | Found a staircase to the Orcish Mines.
 11207 | D:9      | Gained mutation: A powerful demonic guardian rushes to your
                  | aid. [demonic ancestry]
 11207 | D:9      | Reached XP level 11. HP: 76/85 MP: 11/11
 11216 | D:9      | Identified the +8 war axe "Famowk" {drain, Fragile Dex+6}
 11231 | D:9      | Reached skill level 1 in Shields
 12005 | Orc:1    | Entered Level 1 of the Orcish Mines
 12005 | Orc:1    | Noticed an ettin
 12010 | Orc:1    | Killed an ettin
 12291 | Orc:1    | HP: 2/129 [troll (10)]
 13662 | Orc:1    | Noticed an orc knight
 13687 | Orc:1    | Killed an orc knight
 13688 | Orc:1    | Reached skill level 1 in Axes
 13719 | Orc:1    | Found Zely's Firing Range.
 13785 | Orc:2    | Entered Level 2 of the Orcish Mines
 13826 | Orc:2    | Noticed Urug
 13841 | Orc:2    | Killed Urug
 14286 | Orc:2    | Found Ysaxzata's General Store.
 14370 | Orc:2    | Noticed an orc sorcerer
 14383 | Orc:2    | Killed an orc sorcerer
 14647 | Orc:2    | Found a staircase to the Elven Halls.
 14721 | Orc:2    | Noticed an orc sorcerer
 14735 | Orc:2    | Killed an orc sorcerer
 14829 | Orc:2    | Noticed an orc sorcerer
 14836 | Orc:2    | Paralysed by an orc sorcerer for 6 turns
 14842 | Orc:2    | Killed an orc sorcerer
 15196 | Orc:2    | Found a radiant altar of Vehumet.
 15196 | Orc:2    | Noticed an orc sorcerer
 15196 | Orc:2    | Noticed Erolcha
 15203 | Orc:2    | Noticed an orc sorcerer
 15203 | Orc:2    | Noticed an orc sorcerer
 15205 | Orc:2    | Killed an orc sorcerer
 15205 | Orc:2    | Cast into level 1 of the Abyss (Erolcha)
 15275 | Abyss:1  | Noticed a tentacled starspawn
 15350 | Abyss:2  | Noticed a green very ugly thing
 15350 | Abyss:2  | Noticed a green very ugly thing
 15350 | Abyss:2  | Noticed a green ugly thing
 15350 | Abyss:2  | Noticed a green ugly thing
 15350 | Abyss:2  | Noticed a green ugly thing
 15350 | Abyss:2  | Noticed a green very ugly thing
 15359 | Abyss:2  | Noticed a starcursed mass
 15420 | Abyss:2  | Noticed a spatial maelstrom
 15506 | Abyss:3  | Noticed a soul eater
 15507 | Abyss:3  | Noticed a starcursed mass
 15516 | Abyss:3  | Noticed a starcursed mass
 15519 | Abyss:3  | Noticed a thrashing horror
 15552 | Abyss:3  | HP: 5/186 [large abomination (26)]
 15554 | Abyss:3  | Mangled by a large abomination

Illustrated notes

Levels and vault maps discovered:
D:1:      lightli_arrival_noodles, layout_basic
D:2:      layout_loops_cross, serial_shops, nicolae_shop_bloodbath_and_beyond
D:3:      layout_loops_corners, hellmonk_ecumenical_altar_leap_of_faith,
          serial_shops, shop_statue, goddamned_bats, uniq_terence
D:4:      layout_cave_pools, mainiacjoe_overflow_small_starburst,
          mainiacjoe_overflow_catwalk, uniq_pikel
D:5:      minmay_polygon_palace, layout_loops_ring, ebering_ghost_sewer_f
D:6:      layout_layer_cave, nicolae_overflow_hallway_of_the_gods,
          mainiacjoe_overflow_divided_tiny, mainiacjoe_overflow_swirl,
          uniq_grinder, uniq_menkaure
D:7:      layout_basic, minmay_temple_entry_grid, uniq_maggie, uniq_joseph
D:8:      layout_basic, mainiacjoe_overflow_surrounded_room,
          minmay_misc_feat_alley, uniq_psyche
D:9:      layout_irregular_city, mainiacjoe_overflow_alcove_1, david_orc_2
Orc:1:    layout_diamond_mine, nicolae_shop_firing_range
Orc:2:    kennysheep_orc_mage_school, layout_diamond_mine, serial_shops, shop,
          ebering_ghost_reflecting_pool, hangedman_minor_magic, uniq_urug
Abyss:3:  base: Lair:4, serial_sigils_hangedman_gut, evilmike_abyss_exit_13,
          hangedman_steaming_rock

Skill      XL: |  1  2  3  4  5  6  7  8  9 10 11 |
---------------+----------------------------------+-----
Maces & Flails | 3 4 6 7 9 10 11 | 11.5
Armour         | 2 3 4 6 7 9 |  9.9
Dodging        | 2 |  2.1
Fighting       | 4 5 6 7 8 |  8.8
Shields        | 4 |  4.6
Axes           | 3 |  3.8

Action                   |  1- 3 |  4- 6 |  7- 9 | 10-12 || total
-------------------------+-------+-------+-------+-------++-------
Melee: Mace              |   119 |     1 |       |    53 ||   173
       Headbutt          |     7 |    15 |    40 |    80 ||   142
       Morningstar       |       |    84 |       |       ||    84
       Tailslap          |       |     8 |    19 |    44 ||    71
       Punch             |       |     1 |       |     2 ||     3
       Whip              |       |       |   185 |   181 ||   366
       Kick              |       |       |    34 |   104 ||   138
       Unarmed           |       |       |       |     4 ||     4
       War axe           |       |       |       |   133 ||   133
Invok: Berserk           |     4 |     6 |     8 |    20 ||    38
       Trog's Hand       |       |       |       |     5 ||     5
       Brothers in Arms  |       |       |       |     3 ||     3
  Use: Scroll            |       |     6 |     4 |    11 ||    21
       Potion            |       |     1 |       |    17 ||    18
Armor: Animal skin       |     3 |       |       |       ||     3
       Ring mail         |    15 |       |       |       ||    15
       Chain mail        |    33 |   100 |    73 |       ||   206
       Ice dragon scales |       |       |    18 |   116 ||   134
       Skin              |       |       |       |    39 ||    39
       Plate armour      |       |       |       |    63 ||    63
Dodge: Dodged            |    67 |    75 |    70 |   156 ||   368
Block: Kite shield       |       |       |       |   137 ||   137
